AoeStats
← Yun

Nomad

507899721Analyzed
4v4 RM · 13d ago on Sep 20, 2026· 24m 29s· 8 players
Game mode
Random Map
Map size
231×231
Population
200
Speed
Normal
Resources
Standard
Victory
Conquest
Starting age
Dark Age
Ending age
Imperial Age
RankedLock teamsTeams togetherTeam positionsShared explorationLock speedFull tech treeHidden civsTurbo modeCheats
Victory
Defeat
🇺🇸 Romans · United States
1233
+15
🇦🇷 Mongols · Argentina
1178
+18
🇨🇦 Vikings · Canada
1169
+18
🇹🇷 Franks · Türkiye
1141
+19
🇦🇷 Byzantines · Argentina
1277
-20
🇦🇷 Persians · Argentina
1202
-17
🇦🇷 Lithuanians · Argentina
1192
-17
🇦🇷 Bohemians · Argentina
1186
-16
Yun
3:49 Loom
16:48 Feudal Age
17:30 Double-Bit Axe
17:40 Gold Mining
17:38 Fishing Lines
17:26 Man-at-Arms
22:35 Scale Mail Armor
24:35 Forging
26:47 Castle Age
Tsoudbrah
5:19 Loom
13:37 Feudal Age
17:56 Castle Age
16:23 Scale Barding Armor
16:30 Bloodlines
16:37 Town Watch
18:48 Double-Bit Axe
hadibaaayım
3:36 Loom
5:10 Loom
15:28 Feudal Age
15:56 Double-Bit Axe
17:30 Fishing Lines
20:57 Forging
20:53 Scale Barding Armor
24:13 Castle Age
23:46 Gold Mining
24:48 Wheelbarrow
23:58 Town Watch
not.matiasz
5:57 Loom
11:44 Feudal Age
22:25 Fletching
L`Hopital
13:32 Loom
15:17 Feudal Age
20:59 Castle Age
21:45 Double-Bit Axe
22:52 Town Watch
[90M] Hate The Game
10:53 Loom
14:52 Feudal Age
19:37 Castle Age
17:32 Double-Bit Axe
20:39 Pikeman
22:39 Scale Mail Armor
Rafaga
7:31 Loom
SHAKIRA THE QUEEN
13:21 Feudal Age
15:08 Double-Bit Axe
19:20 Castle Age
17:10 Loom
17:20 Gold Mining
18:01 Scale Barding Armor
17:56 Fletching
19:32 Bloodlines
19:57 Stone Mining
20:31 Bow Saw
Connection lost

Rejoining the realm…

Still unreachable

The connection could not be restored.

Session expired

The server has moved on; the page needs a fresh start.